 Dungeon Crawl Stone Soup version 0.29.1-2-gbd0b4ee654 (webtiles) character file.

Game seed: 12649990916380944351

2766 BlackCrag the Thaumaturge (level 9, 0/48 HPs)
             Began as a Deep Elf Conjurer on Oct 23, 2022.
             Slain by a wyvern (13 damage)
             ... on level 7 of the Dungeon on Oct 24, 2022.
             The game lasted 00:42:18 (7439 turns).

BlackCrag the Thaumaturge (Deep Elf Conjurer)       Turns: 7439, Time: 00:42:19

Health: 0/48       AC:  4    Str:  4    XL:     9   Next: 42%
Magic:  8/26       EV: 13    Int: 28    God:
Gold:   316        SH:  0    Dex: 13    Spells: 11/30 levels left

rFire   . . .      SeeInvis +   t - +3 dagger (freeze)
rCold   . . .      Faith    .   (no shield)
rNeg    . . .      Spirit   .   a - +1 robe
rPois   +          Reflect  .   (no helmet)
rElec   .          Harm     .   (no cloak)
rCorr   .          Rampage  .   q - +0 pair of gloves
Will    .....                   (no boots)
Stlth   +++.......              (no amulet)
HPRegen 0.16/turn               i - ring of see invisible
MPRegen 0.20/turn               f - ring of poison resistance

@: no status effects
A: no striking features
a: no special abilities


You were on level 7 of the Dungeon.
You visited 1 branch of the dungeon, and saw 7 of its levels.

You collected 316 gold pieces.

Inventory:

Hand Weapons
 t - a +3 dagger of freezing (weapon)
Armour
 a - a +1 robe (worn)
 q - a +0 pair of gloves (worn)
Jewellery
 f - a ring of poison resistance (right hand)
 i - a ring of see invisible (left hand)
 k - a +6 ring of strength
 m - a ring of protection from fire
Scrolls
 g - a scroll of magic mapping
 h - a scroll of teleportation
 l - 4 scrolls of fear
 r - 2 scrolls of poison
 s - a scroll of enchant armour
 u - a scroll of blinking
Potions
 b - a potion of magic
 c - a potion of berserk rage {unknown}
 d - 2 potions of heal wounds
 e - a potion of degeneration {unknown}
 j - a potion of ambrosia {unknown}
 n - 3 potions of brilliance {unknown}
 o - 2 potions of cancellation {unknown}
 p - 2 potions of curing


   Skills:
 + Level 1.7 Fighting
 + Level 4.1 Dodging
 + Level 4.2 Stealth
 + Level 0.1 Unarmed Combat
 + Level 11.1 Spellcasting
 + Level 10.0 Conjurations
 + Level 2.7 Hexes
 + Level 2.3 Translocations


You had 11 spell levels left.
You knew the following spells:

 Your Spells              Type           Power      Damage    Failure   Level
a - Magic Dart            Conj           100%       1d8       1%          1
b - Searing Ray           Conj           100%       2d8       1%          2
c - Dazzling Flash        Conj/Hex       100%       N/A       1%          3
d - Fulminant Prism       Conj/Hex       25%        3d14      2%          4
e - Iskenderun's Mystic   Conj/Tloc      50%        2d11      2%          4
f - Lightning Bolt        Conj/Air       21%        1d36      13%         5

Your spell library contained the following spells:

 Spells                   Type           Power      Damage    Failure   Level
 Airstrike                Air            7%         2d(2-18)  34%         4
 Summon Lightning Spire   Summ/Air       15%        N/A       34%         4


Dungeon Overview and Level Annotations

Branches:
Dungeon (7/15)
 Temple: D:4-7

Altars:
Sif Muna


Message History

You start resting.
A wyvern comes into view.
Casting: Searing Ray (safe; 1% risk of failure)
Confirm with . or Enter, or press ? or * to list all spells.
Aiming: Fulminant Prism (dangerous; 2% risk of failure)
Press: ? - help, Dir - move target You conjure a prism of explosive energy!
The wyvern hisses angrily.
A fulminant prism comes into view.
Aiming: Magic Dart (safe; 1% risk of failure)
Press: ? - help, Q - select action, (/) - cycle Shift-Dir - straight line, f - wyvern
Aim: a wyvern (ally target, 100% to hit)
The magic dart hits the wyvern but does no damage.
Your fulminant prism crackles loudly.
Aiming: Magic Dart (safe; 1% risk of failure)
Press: ? - help, Q - select action, (/) - cycle Shift-Dir - straight line, f/p - wyvern
Aim: a wyvern (ally target, 100% to hit)
The magic dart hits the wyvern but does no damage.
Your fulminant prism explodes!
Casting: Magic Dart (safe; 1% risk of failure)
Confirm with . or Enter, or press ? or * to list all spells.
Aiming: Searing Ray (safe; 1% risk of failure)
Press: ? - help, Shift-Dir - straight line, f/p - wyvern
Aim: a wyvern (83% to hit)
The searing ray hits the wyvern.
The wyvern is lightly wounded. (Press . to maintain the ray.)
The wyvern bites you. x2
The searing ray hits the wyvern but does no damage.
The wyvern is lightly wounded.
The wyvern bites you!
The searing ray hits the wyvern.
The wyvern is moderately wounded.
The wyvern bites you! x2
* * * LOW HITPOINT WARNING * * *
The searing ray hits the wyvern!
The wyvern is severely wounded.
You finish channelling your searing ray.
The wyvern bites you!
You die...

##### ....# ###.# ###
#.# ##.# #.# ###)#.$..#
###.### ##l@###*#c...
<.....########..## .# .#
# ###............## # #.
#.#.########..## ..
#.#.#### ##..## #.# #.
###.#.##.#######..#....#
#. ...................#
#. ####.............###
###########.
#...#.#########
............


You could see a wyvern.

Vanquished Creatures
  Grinder (D:5)
  Sigmund (D:3)
  3 vampire mosquitoes (D:6)
  Duvessa (D:6)
  2 black bears (D:6)
  3 ice beasts
  A centaur (D:7)
  A phantom (D:6)
  4 scorpions
  A necrophage (D:6)
  5 wights (D:6)
  Dowan (D:6)
  A quasit (D:4)
  5 hounds (D:5)
  An orc priest (D:3)
  2 jellies
  5 iguanas
  7 gnolls
  12 adders
  3 shadow imps (D:4)
  3 white imps
  3 ufetubi (D:4)
  12 orcs
  3 ball pythons (D:1)
  3 endoplasms
  2 giant cockroaches
  13 hobgoblins
  2 jackals (D:2)
  8 kobolds
  7 quokkas
  9 bats
  3 frilled lizards
  6 goblins
  7 rats
141 creatures vanquished.

Vanquished Creatures (others)
  4 demonic plants (D:4)
  10 fulminant prisms
14 creatures vanquished.

Grand Total: 155 creatures vanquished

Notes
Turn   | Place    | Note
-------+----------+-------------------------------------------
     0 | D:1      | BlackCrag the Deep Elf Conjurer began the quest for the
                  | Orb.
     0 | D:1      | Reached XP level 1. HP: 10/10 MP: 6/6
   180 | D:1      | Reached XP level 2. HP: 15/15 MP: 5/8
   188 | D:1      | Learned a level 2 spell: Searing Ray
   529 | D:1      | Reached skill level 5 in Conjurations
   869 | D:1      | Found a faded altar of an unknown god.
  1263 | D:2      | Reached XP level 3. HP: 19/19 MP: 4/9
  1498 | D:2      | Reached XP level 4. HP: 16/24 MP: 0/11
  1599 | D:2      | Learned a level 3 spell: Dazzling Flash
  2120 | D:2      | Reached skill level 4 in Spellcasting
  2329 | D:3      | Noticed Sigmund
  2544 | D:3      | Killed Sigmund
  2545 | D:3      | Reached skill level 5 in Spellcasting
  2545 | D:3      | Reached XP level 5. HP: 28/28 MP: 4/14
  2545 | D:3      | Reached XP level 6. HP: 32/32 MP: 4/15
  2550 | D:3      | Learned a level 4 spell: Fulminant Prism
  2555 | D:3      | Learned a level 4 spell: Iskenderun's Mystic Blast
  4231 | D:4      | Reached skill level 6 in Spellcasting
  4888 | D:4      | You fall into a shaft and drop 3 floors!
  4901 | D:6      | Reached skill level 1 in Hexes
  4901 | D:6      | Reached XP level 7. HP: 37/37 MP: 10/18
  4992 | D:5      | Entered Level 5 of the Dungeon
  5061 | D:5      | Reached skill level 7 in Spellcasting
  5129 | D:5      | Reached skill level 1 in Fighting
  5219 | D:4      | Found a shimmering blue altar of Sif Muna.
  5438 | D:5      | Noticed Grinder
  5442 | D:5      | Killed Grinder
  5567 | D:5      | Reached XP level 8. HP: 42/43 MP: 16/21
  5696 | D:5      | Reached skill level 8 in Spellcasting
  6329 | D:6      | Reached skill level 1 in Translocations
  6363 | D:6      | Learned a level 5 spell: Lightning Bolt
  6428 | D:6      | Reached skill level 9 in Spellcasting
  6850 | D:6      | Reached skill level 10 in Spellcasting
  7049 | D:6      | Reached XP level 9. HP: 48/48 MP: 19/25
  7049 | D:6      | Noticed Duvessa
  7055 | D:6      | Noticed Dowan
  7061 | D:6      | Killed Duvessa
  7068 | D:6      | Killed Dowan
  7324 | D:7      | Reached skill level 11 in Spellcasting
  7421 | D:7      | Reached skill level 10 in Conjurations
  7439 | D:7      | Slain by a wyvern

Illustrated notes

Levels and vault maps discovered:
D:1:      dpeg_arrival_rooms_with_view, layout_basic,
          ebering_ecumenical_altar_ruins, minmay_pentomino_u2
D:2:      layout_loops_ring
D:3:      minmay_diamond_boxcup, layout_basic, minmay_misc_feat_nine_boxes,
          uniq_sigmund
D:4:      layout_loops_ring, kennysheep_orc_sif_temple, serial_demonic,
          serial_demonic_d, serial_demonic_d, serial_demonic_g, serial_demonic_e
D:5:      layout_basic, uniq_grinder
D:6:      layout_loops_corners, nicolae_elevator_lobby_plus, uniq_duvessa
D:7:      layout_loops_ring, temple_fountains

Skill      XL: |  1  2  3  4  5  6  7  8  9 |
---------------+----------------------------+-----
Conjurations   | 5 6 7 8 9 10 | 10.0
Dodging        | 3 4 |  4.1
Spellcasting   | 5 6 7 10 11 | 11.1
Stealth        | 3 4 |  4.2
Hexes          | 1 2 |  2.7
Fighting       | 1 |  1.7
Translocations | 2 |  2.3
Unarmed Combat | |  0.1

Action                   |  1- 3 |  4- 6 |  7- 9 || total
-------------------------+-------+-------+-------++-------
Melee: Unarmed           |       |     1 |       ||     1
 Cast: Magic Dart        |    47 |   103 |    46 ||   196
       Searing Ray       |     5 |    16 |    30 ||    51
       Fulminant Prism   |       |     2 |     8 ||    10
       Iskenderun's Myst |       |     1 |     4 ||     5
       Dazzling Flash    |       |       |     1 ||     1
       Lightning Bolt    |       |       |     1 ||     1
  Use: Scroll            |     4 |     6 |     4 ||    14
       Potion            |       |       |     1 ||     1
Armor: Robe              |     2 |     4 |    13 ||    19
Dodge: Dodged            |     3 |    24 |    30 ||    57
